 Dungeon Crawl Stone Soup version 0.29.1-2-gbd0b4ee654 (webtiles) character file.

Game seed: 1709905770804990438

2018 kingsuperguy the Chopper (level 9, -2/74 HPs)
             Began as a Hill Orc Monk on Nov 19, 2022.
             Was an Elder of Beogh.
             Slain by a gnoll
             ... wielding a +0 whip
             ... led by a gnoll bouda
              (6 damage)
             ... on level 7 of the Dungeon.
             The game lasted 00:26:08 (7844 turns).

kingsuperguy the Chopper (Hill Orc Monk)            Turns: 7844, Time: 00:26:08

Health: -2/74      AC: 13    Str: 16    XL:     9   Next: 23%
Magic:  23/23      EV:  8    Int: 10    God:    Beogh [****..]
Gold:   477        SH:  0    Dex: 20    Spells: 15/15 levels left

rFire   + . .      SeeInvis .   H - +9 dagger of the Puckish God {vorpal, rElec MP+9 Dex+5 Stlth-}
rCold   . . .      Faith    .   B - orb {mayhem}
rNeg    . . .      Spirit   .   v - +0 chain mail
rPois   +          Reflect  .   (no helmet)
rElec   +          Harm     .   t - +0 cloak
rCorr   .          Rampage  .   h - +0 pair of gloves
Will    .....                   n - +0 pair of boots
Stlth   ..........              D - amulet of the acrobat
HPRegen 0.22/turn               p - ring of protection from fire
MPRegen 0.18/turn               e - ring of poison resistance

@: lethally poisoned (-2 -> -8)
A: no striking features
a: Renounce Religion, Smiting, Recall Orcish Followers


You were on level 7 of the Dungeon.
You worshipped Beogh.
Beogh was greatly pleased with you.
You visited 1 branch of the dungeon, and saw 7 of its levels.
You also visited: Ossuary.

You collected 537 gold pieces.
You spent 60 gold pieces at shops.

Inventory:

Hand Weapons
 a - a +0 hand axe
 H - the +9 dagger of the Puckish God (weapon) {vorpal, rElec MP+9 Dex+5 Stlth-}
   (You found it in an ossuary)

   It inflicts extra damage upon your enemies.
   Dex:       It affects your dexterity (+5).
   rElec:     It insulates you from electricity.
   MP:        It affects your magic capacity (+9).
   Stlth:     It makes you less stealthy.
 N - a +1 war axe
Missiles
 c - 5 javelins
 l - 9 curare-tipped darts (quivered)
 J - 2 throwing nets
 L - 4 atropa-tipped darts
Armour
 b - a +0 robe
 h - a +0 pair of gloves (worn)
 n - a +0 pair of boots (worn)
 t - a +0 cloak (worn)
 v - a +0 chain mail (worn)
 B - an orb of mayhem (worn)
 O - a +0 leather armour
Jewellery
 e - a ring of poison resistance (right hand)
 p - a ring of protection from fire (left hand)
 C - a ring of resist corrosion
 D - an amulet of the acrobat (around neck)
Wands
 F - a wand of flame (13)
 K - a wand of paralysis (5)
Scrolls
 d - 3 scrolls of butterflies
 f - 2 scrolls of blinking {unknown}
 g - a scroll of noise {unknown}
 m - a scroll of acquirement
 q - a scroll of vulnerability {unknown}
 r - 3 scrolls of poison {unknown}
 u - 2 scrolls of teleportation
 y - a scroll of brand weapon {unknown}
 A - 2 scrolls of magic mapping {unknown}
 E - 2 scrolls of enchant weapon {unknown}
 I - 6 scrolls of identify
Potions
 i - a potion of resistance {unknown}
 j - a potion of brilliance {unknown}
 k - 3 potions of curing
 o - 2 potions of might {unknown}
 s - 4 potions of cancellation {unknown}
 w - 2 potions of flight
 x - 2 potions of degeneration {unknown}
 z - 2 potions of attraction {unknown}
 G - 2 potions of magic {unknown}
 M - a potion of berserk rage {unknown}


   Skills:
 - Level 5.2 Fighting
 - Level 3.0 Short Blades
 - Level 7.6 Axes
 - Level 4.3 Armour
 - Level 3.0 Dodging
 - Level 2.0 Stealth
 + Level 3.8 Spellcasting
 + Level 6.2 Summonings


You had 15 spell levels left.
You didn't know any spells.
Your spell library contained the following spells:

 Spells                   Type           Power      Damage    Failure   Level
 Beastly Appendage        Tmut           2%         N/A       99%         1
 Scorch                   Fire           2%         2d5       99%         2
 Sublimation of Blood     Necr           1%         N/A       99%         2
 Wereblood                Tmut           1%         N/A       99%         2
 Gell's Gravitas          Tloc           1%         N/A       100%        3
 Spider Form              Tmut/Pois      1%         N/A       100%        3
 Teleport Other           Tloc           1%         N/A       100%        3
 Flame Wave               Conj/Fire      1%         2d4       100%        4
 Dispersal                Tloc           0%         N/A       100%        6
 Summon Cactus Giant      Summ           7%         N/A       100%        6
 Summon Hydra             Summ           7%         N/A       100%        7


Dungeon Overview and Level Annotations

Branches:
Dungeon (7/15)             Temple (0/1) D:4         Ossuary (visited)

Altars:
Cheibriados
Elyvilon
Nemelex Xobeh
Ru
Sif Muna
Xom
The Shining One

Shops:
D:2 *   D:3 (   D:4 ?

Annotations:
D:3 Terence


Message History

The killer bee stings you!
* * * LOW HITPOINT WARNING * * *
The killer bee stings you.
* * * LOW HITPOINT WARNING * * *
The gnoll completely misses you.
Your orc wizard gestures wildly while chanting.
Your orc wizard flickers and vanishes for a moment.
You closely miss the gnoll.
The gnoll is almost dead.
You feel sick. The killer bee stings you.
* * * LOW HITPOINT WARNING * * *
The killer bee barely misses you. The killer bee closely misses you.
The killer bee stings you.
* * * LOW HITPOINT WARNING * * *
The killer bee stings you but does no damage.
The wight hits you but does no damage.
The gnoll bouda hits your orc wizard with a +0 club!
A kobold comes into view. It is wielding a +0 dagger.
The gnoll barely misses you. The killer bee stings you.
* * * LOW HITPOINT WARNING * * *
The killer bee stings you but does no damage. x4
The gnoll hits you but does no damage.
Your orc wizard hits the gnoll bouda with a +0 dagger.
It was a potion of curing.
You feel better.
Your attacks no longer feel as feeble.
The killer bee barely misses you. The killer bee stings you.
* * * LOW HITPOINT WARNING * * *
The killer bee stings you.
* * * LOW HITPOINT WARNING * * *
You are poisoned.
The killer bee poisons you! The killer bee barely misses you. x2
The gnoll bouda barely misses your orc wizard.
The gnoll hits you from afar with a +0 halberd.
* * * LOW HITPOINT WARNING * * *
The killer bee completely misses you.
The killer bee stings you but does no damage.
The killer bee barely misses you. x2
The killer bee stings you but does no damage.
The gnoll hits you with a +0 whip.
You die...

...>.#.......
.... ..........##
.... . ## #<...#
...
..##.###....#....
......#......#
#.(.....g).#.. .
#....g.o.......
....#.yygg.......
.....zy@yg.......
......Kzy....#.##
.....z.K....####
#............#
.!.z.#..##...#
........# ..##
......... ..#
..K.....# ##


You could see a kobold brigand (wandering), a gnoll bouda (ally target), 5
killer bees, 4 wights, 4 gnolls, 2 kobolds and a friendly orc wizard
(invisible).

Vanquished Creatures
  An ogre (D:6)
  An ice beast (D:6)
  2 phantoms
  2 elf zombies (Ossuary)
  2 kobold brigands
  A necrophage (D:6)
  A bullfrog (D:6)
  A scorpion (D:5)
  A killer bee (D:6)
  A howler monkey (D:5)
  3 centaur zombies (Ossuary)
  A bullfrog zombie (D:6)
  4 hounds
  A gnoll bouda (D:6)
  An orc priest (D:5)
  A centaur skeleton (D:6)
  4 jellies
  Jessica (D:3)
  6 iguanas
  8 orc wizards
  2 mummies (Ossuary)
  9 gnolls
  7 adders
  A shadow imp (D:6)
  A white imp (D:5)
  An adder zombie (Ossuary)
  A dart slug (D:3)
  16 orcs
  12 endoplasms
  4 giant cockroaches
  2 goblins
  6 hobgoblins
  6 jackals
  18 kobolds
  4 quokkas
  4 ball pythons
  6 bats
  4 frilled lizards
  2 goblin zombies (Ossuary)
  7 hobgoblin zombies (Ossuary)
  A jackal zombie (Ossuary)
  10 kobold zombies (Ossuary)
  9 orc zombies (Ossuary)
  8 rats
  2 rat zombies (Ossuary)
186 creatures vanquished.

Vanquished Creatures (collateral kills)
  A hound (D:6)
  A howler monkey zombie (D:6)
  4 gnolls
  A howler monkey skeleton (D:6)
  A shadow imp (D:6)
  A white imp (D:6)
  3 kobolds (D:6)
12 creatures vanquished.

Vanquished Creatures (others)
  5 orcs
  A giant cockroach (D:4)
  A goblin (D:4)
  A withered plant (D:6)
8 creatures vanquished.

Grand Total: 206 creatures vanquished

Notes
Turn   | Place    | Note
-------+----------+-------------------------------------------
     0 | D:1      | kingsuperguy the Hill Orc Monk began the quest for the Orb.
     0 | D:1      | Reached XP level 1. HP: 19/19 MP: 1/1
   243 | D:1      | Reached XP level 2. HP: 20/27 MP: 2/2
   730 | D:1      | Reached XP level 3. HP: 9/33 MP: 3/3
   739 | D:2      | Found Qabavv Ninat's Assorted Antiques.
  1111 | D:2      | Reached skill level 5 in Axes
  1555 | D:2      | Reached XP level 4. HP: 40/40 MP: 4/4
  2422 | D:3      | Found a white marble altar of Elyvilon.
  2492 | D:3      | Reached XP level 5. HP: 42/46 MP: 5/5
  2505 | D:3      | Found a faded altar of an unknown god.
  2580 | D:3      | Reached skill level 1 in Armour
  2719 | D:3      | Found Aninub's Weapon Shoppe.
  2767 | D:3      | Found a shimmering altar of Xom.
  2792 | D:3      | Noticed Jessica
  2804 | D:3      | Killed Jessica
  2805 | D:3      | Reached skill level 6 in Axes
  2956 | D:3      | Noticed Terence
  3870 | D:4      | Reached XP level 6. HP: 17/53 MP: 6/6
  4095 | D:4      | Became a worshipper of Beogh the Brigand
  4095 | D:4      | Reached * piety under Beogh
  4095 | D:4      | Reached ** piety under Beogh
  4324 | D:4      | Found Udufy's Magic Scroll Emporium.
  4329 | D:4      | Bought a scroll of teleportation for 36 gold pieces
  4329 | D:4      | Bought a scroll of identify for 24 gold pieces
  4330 | D:4      | Identified a scroll of acquirement
  4692 | D:4      | Reached skill level 7 in Axes
  4709 | D:4      | Reached skill level 5 in Fighting
  4711 | D:4      | Reached XP level 7. HP: 41/61 MP: 7/7
  4881 | D:4      | Found a staircase to the Ecumenical Temple.
  5239 | D:5      | Entered Level 5 of the Dungeon
  5311 | D:5      | Found a glowing golden altar of the Shining One.
  5369 | D:5      | Found a sand-covered staircase.
  5373 | Ossuary  | Entered an ossuary
  5516 | Ossuary  | Reached *** piety under Beogh
  5623 | Ossuary  | Reached skill level 1 in Summonings
  5891 | Ossuary  | Identified the +9 dagger of the Puckish God {vorpal, rElec
                  | MP+9 Dex+5 Stlth-}
  5917 | Ossuary  | Reached XP level 8. HP: 57/68 MP: 8/8
  6007 | D:5      | Reached skill level 1 in Short Blades
  6033 | D:5      | Reached **** piety under Beogh
  6109 | D:5      | Reached skill level 5 in Summonings
  6390 | D:5      | Found a sacrificial altar of Ru.
  6440 | D:5      | Found a snail-covered altar of Cheibriados.
  6500 | D:5      | Found a sparkling altar of Nemelex Xobeh.
  6614 | D:6      | Reached skill level 1 in Spellcasting
  7071 | D:6      | Reached XP level 9. HP: 44/74 MP: 13/13
  7365 | D:6      | Found a shimmering blue altar of Sif Muna.
  7843 | D:7      | HP: 3/74 [killer bee (2)]
  7844 | D:7      | Slain by a gnoll

Illustrated notes

Levels and vault maps discovered:
D:1:      wander_arrival_peaceful_grave, layout_rooms, st_stairs_1,
          nrook_loot_triangle
D:2:      layout_basic, serial_shops, nicolae_shop_hallway_stairs,
          minmay_box_of_dots
D:3:      layout_basic, yredelemnul_forgotten_temple_becter,
          mainiacjoe_overflow_brackets, nicolae_elyvilon_peaceful_grove,
          serial_shops, nicolae_shop_bloodbath_and_beyond,
          ebering_ecumenical_altar_box, supply_closet_lemuel, minmay_circle_x,
          uniq_terence, uniq_jessica, uniq_sigmund
D:4:      layout_loops_ring, temple_green, serial_shops, shop_statue,
          minmay_misc_feat_enclosed
D:5:      cheibrodos_thug_alley, layout_rooms, nicolae_tso_swordbearing_angel,
          mainiacjoe_overflow_small_starburst, nicolae_ru_the_path_less_chosen,
          lemuel_doored_altar, nicolae_ossuary_entry_plus, kennysheep_crisscross
D:6:      layout_basic, amcnicky_altar_gilded, serial_undead, serial_undead_a,
          serial_undead_d, serial_undead_b, serial_undead_b
D:7:      layout_cave_pools, grunt_gozag_breadcrumbs, guppyfry_early_elven_hall

Skill      XL: |  1  2  3  4  5  6  7  8  9 |
---------------+----------------------------+-----
Axes           | 5 6 7 |  7.6
Fighting       | 4 5 |  5.2
Stealth        | 2 |  2.0
Dodging        | 3 |  3.0
Armour         | 2 3 4 |  4.3
Summonings     | 3 5 6 |  6.2
Short Blades   | 3 |  3.0
Spellcasting   | 3 |  3.8

Action                   |  1- 3 |  4- 6 |  7- 9 || total
-------------------------+-------+-------+-------++-------
Melee: Hand axe          |   103 |   266 |   201 ||   570
       Punch             |       |     3 |     6 ||     9
       Dagger            |       |       |   180 ||   180
Invok: Convert to Beogh  |       |     1 |       ||     1
       Recall Orcish Fol |       |       |     1 ||     1
  Use: Potion            |       |     2 |     1 ||     3
       Scroll            |       |     3 |       ||     3
 Stab: Sleeping          |     3 |     2 |       ||     5
Armor: Robe              |    32 |    36 |       ||    68
       Chain mail        |       |   131 |   290 ||   421
Dodge: Dodged            |   100 |   100 |   220 ||   420
